MAA
GLENBURN BABOONS @ VIRGINIA BEACH DEUCES
08/10/2018
 
TOP OF THE 1ST
Glenburn Baboons batting - Pitching for Virginia Beach Deuces : LHP Jim Unknown
Pitching: LHP Jim Unknown
Batting: RHB Edgar García 0-0: Ball
1-0: Swinging Strike
1-1: Ball
2-1: Ground out U3 (Groundball, 3S)
Batting: RHB Isaac Downey 0-0: Called Strike
0-1: Ball
1-1: Fly out, F8 (Flyball, 8LM)
Batting: LHB Jim Vaughan 0-0: Called Strike
0-1: Ball
1-1: Foul Ball, location: 2F
1-2: Ball
2-2: Fly out, F7 (Flyball, 7D)
Top of the 1st over - 0 run(s), 0 hit(s), 0 error(s), 0 left on base; Glenburn 0 - Virginia Beach 0
BOTTOM OF THE 1ST
Virginia Beach Deuces batting - Pitching for Glenburn Baboons : RHP José Rodríguez
Pitching: RHP José Rodríguez
Batting: RHB Álex Escobar 0-0: Called Strike
0-1: Ball
1-1: Ball
2-1: SINGLE (Line Drive, 8LS)
Batting: RHB Roosevelt Gibson 0-0: Ball
1-0: Ball
2-0: SINGLE (Groundball, 4MD)
Álex Escobar to second
Runner from 2nd tries for 3rd, SAFE, no throw or cutoff
Batting: SHB Daryl Lloyd 0-0: Ball
1-0: Foul Ball, location: 2F
1-1: 3-RUN HOME RUN (Flyball, 9D), Distance : 380 ft
Batting: LHB Álex Burgos 0-0: Called Strike
0-1: Foul Ball, location: 2F
0-2: Ground out 4-3 (Groundball, 4)
Batting: RHB Travis Brumback 0-0: Foul Ball, location: 2F
0-1: Called Strike
0-2: Ball
1-2: Strikes out swinging
Batting: RHB Armando Hernández 0-0: Ball
1-0: Ball
2-0: Foul Ball, location: 2F
2-1: Ground out 5-3 (Groundball, 5)
Bottom of the 1st over - 3 run(s), 3 hit(s), 0 error(s), 0 left on base; Glenburn 0 - Virginia Beach 3
TOP OF THE 2ND
Glenburn Baboons batting - Pitching for Virginia Beach Deuces : LHP Jim Unknown
Batting: RHB Dustin Walker 0-0: Foul Ball, location: 2F
0-1: Ground out 4-3 (Groundball, 4)
Batting: RHB Abdurahman Paloka 0-0: Called Strike
0-1: Called Strike
0-2: Ground out 6-3 (Groundball, 6)
Batting: LHB Joe McElroy 0-0: Ground out 6-3 (Groundball, 6M)
Top of the 2nd over - 0 run(s), 0 hit(s), 0 error(s), 0 left on base; Glenburn 0 - Virginia Beach 3
BOTTOM OF THE 2ND
Virginia Beach Deuces batting - Pitching for Glenburn Baboons : RHP José Rodríguez
Batting: RHB Héctor Camacho 0-0: Ball
1-0: Ball
2-0: DOUBLE (Groundball, 5L)
Batting: RHB Orlando Sánchez 0-0: Ball
1-0: Fly out, F9 (Flyball, 9M)
Runner from 2nd tags up, SAFE at 3rd with throw
Batting: RHB Carl Carlson 0-0: Ball
1-0: Ball
2-0: Ground out 4-3 (Groundball, 4M)
Héctor Camacho scores
Batting: RHB Álex Escobar 0-0: Ball
1-0: Called Strike
1-1: SINGLE (Line Drive, 56)
Batting: RHB Roosevelt Gibson 0-0: Foul Ball, location: 2F
0-1: Fly out, F9 (Flyball, 89M)
Bottom of the 2nd over - 1 run(s), 2 hit(s), 0 error(s), 1 left on base; Glenburn 0 - Virginia Beach 4
TOP OF THE 3RD
Glenburn Baboons batting - Pitching for Virginia Beach Deuces : LHP Jim Unknown
Batting: RHB Eddie Davis 0-0: Ball
1-0: Foul Ball, location: 2F
1-1: Foul Ball, location: 2F
1-2: Strikes out looking
Batting: LHB José Hernández 0-0: Called Strike
0-1: Ball
1-1: Called Strike
1-2: Ball
2-2: Fly out, F7 (Flyball, 7M)
Batting: LHB Manny Guzmán 0-0: Called Strike
0-1: Foul Ball, location: 2F
0-2: Fly out, F6 (Popup, 56D)
Top of the 3rd over - 0 run(s), 0 hit(s), 0 error(s), 0 left on base; Glenburn 0 - Virginia Beach 4
BOTTOM OF THE 3RD
Virginia Beach Deuces batting - Pitching for Glenburn Baboons : RHP José Rodríguez
Batting: SHB Daryl Lloyd 0-0: SINGLE (Line Drive, 34D)
Batting: LHB Álex Burgos 0-0: Called Strike
0-1: Ball
1-1: Called Strike
1-2: Strikes out looking
Batting: RHB Travis Brumback 0-0: Ball
Daryl Lloyd is caught stealing 2nd base
1-0: Ground out 4-3 (Groundball, 4)
Bottom of the 3rd over - 0 run(s), 1 hit(s), 0 error(s), 0 left on base; Glenburn 0 - Virginia Beach 4
TOP OF THE 4TH
Glenburn Baboons batting - Pitching for Virginia Beach Deuces : LHP Jim Unknown
Batting: RHB Edgar García 0-0: Called Strike
0-1: Ball
1-1: Bunt for hit - play at first, batter safe!
Batting: RHB Isaac Downey 0-0: Called Strike
0-1: Swinging Strike
0-2: Ball
1-2: Foul Ball, location: 2F
1-2: Strikes out swinging
Batting: LHB Jim Vaughan 0-0: Foul Ball, location: 2F
0-1: Ball
1-1: Called Strike
Edgar García is caught stealing 2nd base
1-2: Ball
2-2: Strikes out swinging
Top of the 4th over - 0 run(s), 1 hit(s), 0 error(s), 0 left on base; Glenburn 0 - Virginia Beach 4
BOTTOM OF THE 4TH
Virginia Beach Deuces batting - Pitching for Glenburn Baboons : RHP José Rodríguez
Batting: RHB Armando Hernández 0-0: Ball
1-0: SOLO HOME RUN (Line Drive, 7D), Distance : 408 ft
Pitching: RHP Steven Williams
Batting: RHB Héctor Camacho 0-0: SINGLE (Groundball, 56D)
Batting: RHB Orlando Sánchez 0-0: Fly out, F9 (Flyball, 89M)
Batting: RHB Carl Carlson 0-0: Called Strike
0-1: SINGLE (Groundball, 4D)
Héctor Camacho to second
Runner from 2nd tries for 3rd, SAFE, throw made to third
Batting: RHB Álex Escobar 0-0: Swinging Strike
0-1: Foul Ball, location: 2F
0-2: Fly out, F4 (Popup, 4MD)
Batting: RHB Roosevelt Gibson 0-0: Ball
1-0: Swinging Strike
1-1: Called Strike
1-2: Strikes out swinging
Bottom of the 4th over - 1 run(s), 3 hit(s), 0 error(s), 2 left on base; Glenburn 0 - Virginia Beach 5
TOP OF THE 5TH
Glenburn Baboons batting - Pitching for Virginia Beach Deuces : LHP Jim Unknown
Batting: RHB Dustin Walker 0-0: Ball
1-0: Ground out 5-3 (Groundball, 5S)
Batting: RHB Abdurahman Paloka 0-0: Ball
1-0: Fly out, F8 (Flyball, 8RS)
Batting: LHB Joe McElroy 0-0: Ball
1-0: Ball
2-0: SINGLE (Groundball, 6MD)
Batting: RHB Eddie Davis 0-0: Called Strike
0-1: Ground out 6-3 (Groundball, 6)
Top of the 5th over - 0 run(s), 1 hit(s), 0 error(s), 1 left on base; Glenburn 0 - Virginia Beach 5
BOTTOM OF THE 5TH
Virginia Beach Deuces batting - Pitching for Glenburn Baboons : RHP Steven Williams
Batting: SHB Daryl Lloyd 0-0: Foul Ball, location: 2F
0-1: Ball
1-1: SINGLE (Groundball, 56D)
Batting: LHB Álex Burgos 0-0: Ball
1-0: Called Strike
Daryl Lloyd steals 2nd base
1-1: Swinging Strike
1-2: Strikes out swinging
Batting: RHB Travis Brumback 0-0: Ball
Daryl Lloyd is caught stealing 3rd base
1-0: Ball
2-0: Foul Ball, location: 2F
2-1: Foul Ball, location: 2F
2-2: SINGLE (Line Drive, 78S)
Batting: RHB Armando Hernández 0-0: Foul Ball, location: 2F
0-1: Ball
1-1: Swinging Strike
1-2: Ball
2-2: Ball
3-2: SINGLE (Groundball, 5D)
Travis Brumback to second
Travis Brumback to third
Batting: RHB Héctor Camacho 0-0: Called Strike
0-1: Ball
1-1: Ball
2-1: Fly out, F9 (Line Drive, 9S)
Bottom of the 5th over - 0 run(s), 3 hit(s), 0 error(s), 2 left on base; Glenburn 0 - Virginia Beach 5
TOP OF THE 6TH
Glenburn Baboons batting - Pitching for Virginia Beach Deuces : LHP Jim Unknown
Batting: LHB José Hernández 0-0: Bunted foul
0-1: Foul Ball, location: 2F
0-2: Strikes out looking
Batting: LHB Manny Guzmán 0-0: Ball
1-0: Foul Ball, location: 2F
1-1: Ball
2-1: Ball
3-1: Foul Ball, location: 2F
3-2: Foul Ball, location: 2F
3-2: Strikes out swinging
Batting: RHB Edgar García 0-0: Called Strike
0-1: Ground out 5-3 (Groundball, 5S)
Top of the 6th over - 0 run(s), 0 hit(s), 0 error(s), 0 left on base; Glenburn 0 - Virginia Beach 5
BOTTOM OF THE 6TH
Virginia Beach Deuces batting - Pitching for Glenburn Baboons : RHP Steven Williams
Batting: RHB Orlando Sánchez 0-0: Ball
1-0: Ball
2-0: Foul Ball, location: 2F
2-1: Ball
3-1: Ground out 5-3 (Groundball, 56S)
Batting: RHB Carl Carlson 0-0: Foul Ball, location: 2F
0-1: Fly out, F4 (Popup, 4M)
Batting: RHB Álex Escobar 0-0: Ball
1-0: Ball
2-0: Ball
3-0: Base on Balls
Batting: RHB Roosevelt Gibson 0-0: Ball
Álex Escobar is caught stealing 2nd base
Bottom of the 6th over - 0 run(s), 0 hit(s), 0 error(s), 0 left on base; Glenburn 0 - Virginia Beach 5
TOP OF THE 7TH
Glenburn Baboons batting - Pitching for Virginia Beach Deuces : LHP Jim Unknown
Now at 1B: Juan Alvarado
Batting: RHB Isaac Downey 0-0: Swinging Strike
0-1: Called Strike
0-2: Ball
1-2: Ball
2-2: Ball
3-2: Base on Balls
Batting: LHB Jim Vaughan 0-0: Ball
Wild Pitch!
Isaac Downey to second
1-0: Foul Ball, location: 2F
1-1: Foul Ball, location: 2F
1-2: Foul Ball, location: 2F
1-2: Foul Ball, location: 2F
1-2: Strikes out swinging
Batting: RHB Dustin Walker 0-0: Ball
1-0: Foul Ball, location: 2F
1-1: Ground out U3 (Groundball, 3S)
Isaac Downey to third
Batting: RHB Abdurahman Paloka 0-0: Called Strike
0-1: Ball
1-1: Fly out, F8 (Flyball, 78M)
Top of the 7th over - 0 run(s), 0 hit(s), 0 error(s), 1 left on base; Glenburn 0 - Virginia Beach 5
BOTTOM OF THE 7TH
Virginia Beach Deuces batting - Pitching for Glenburn Baboons : RHP Steven Williams
Pitching: RHP Ayres Valido
Batting: RHB Roosevelt Gibson 0-0: Foul Ball, location: 2F
0-1: Fly out, F8 (Flyball, 8RM)
Batting: SHB Daryl Lloyd 0-0: Foul Ball, location: 2F
0-1: Fly out, F8 (Flyball, 8LM)
Batting: LHB Álex Burgos 0-0: Ball
1-0: Called Strike
1-1: Called Strike
1-2: Foul Ball, location: 2F
1-2: Strikes out swinging
Bottom of the 7th over - 0 run(s), 0 hit(s), 0 error(s), 0 left on base; Glenburn 0 - Virginia Beach 5
TOP OF THE 8TH
Glenburn Baboons batting - Pitching for Virginia Beach Deuces : LHP Jim Unknown
Batting: LHB Joe McElroy 0-0: Ball
1-0: SOLO HOME RUN (Line Drive, 9LD), Distance : 365 ft
Batting: RHB Eddie Davis 0-0: Fly out, F2 (Popup, 23F)
Batting: LHB José Hernández 0-0: Called Strike
0-1: Ball
1-1: Ground out 3-1 (Groundball, 3L)
Batting: LHB Manny Guzmán 0-0: Ball
1-0: Ball
2-0: Swinging Strike
2-1: Fly out, F9 (Line Drive, 89D)
Top of the 8th over - 1 run(s), 1 hit(s), 0 error(s), 0 left on base; Glenburn 1 - Virginia Beach 5
BOTTOM OF THE 8TH
Virginia Beach Deuces batting - Pitching for Glenburn Baboons : RHP Ayres Valido
Batting: RHB Travis Brumback 0-0: Called Strike
0-1: Foul Ball, location: 2F
0-2: Foul Ball, location: 2F
0-2: Ball
1-2: Ball
2-2: Ball
3-2: Ground out 1-3 (Groundball, 15S)
Batting: RHB Armando Hernández 0-0: Called Strike
0-1: Ball
1-1: Ground out 6-3 (Groundball, 6M)
Batting: RHB Héctor Camacho 0-0: Ball
1-0: Ball
2-0: Called Strike
2-1: SINGLE (Line Drive, 34D)
Batting: RHB Juan Alvarado 0-0: Ball
1-0: Foul Ball, location: 2F
1-1: Swinging Strike
1-2: Foul Ball, location: 2F
1-2: Ball
2-2: Ball
3-2: Base on Balls
Héctor Camacho to second
Batting: RHB Carl Carlson 0-0: Ball
1-0: Ball
2-0: Called Strike
2-1: Fly out, F7 (Line Drive, 78M)
Bottom of the 8th over - 0 run(s), 1 hit(s), 0 error(s), 2 left on base; Glenburn 1 - Virginia Beach 5
TOP OF THE 9TH
Glenburn Baboons batting - Pitching for Virginia Beach Deuces : LHP Jim Unknown
Pitching: RHP John Bailey
Batting: RHB Edgar García 0-0: Called Strike
0-1: Ball
1-1: Foul Ball, location: 2F
1-2: Strikes out swinging
Batting: RHB Isaac Downey 0-0: Called Strike
0-1: Called Strike
0-2: Ball
1-2: Ground out 1-3 (Groundball, 25)
Batting: LHB Jim Vaughan 0-0: Ball
1-0: Called Strike
1-1: Ball
2-1: Ball
3-1: Base on Balls
Batting: RHB Dustin Walker 0-0: Called Strike
0-1: SINGLE (Line Drive, 4D)
Jim Vaughan to second
Batting: RHB Abdurahman Paloka 0-0: Called Strike
0-1: Called Strike
0-2: Foul Ball, location: 2F
0-2: Strikes out swinging
Top of the 9th over - 0 run(s), 1 hit(s), 0 error(s), 2 left on base; Glenburn 1 - Virginia Beach 5
This league is powered by Out of the Park Baseball, the baseball management simulation game for PC, Mac and Linux
Monday, May 4th, 2015 - OOTP Baseball 15.6 Build 34